 Dungeon Crawl Stone Soup version 0.19-a0-559-ga3d69d0 (webtiles) character file.

191583 epen the Bewitcher (level 18, 0/90 HPs)
             Began as a Spriggan Enchanter on June 8, 2016.
             Was an Initiate of Gozag.
             Killed by vampiric draining
             ... invoked by a deep elf death mage
              (24 damage)
             ... on level 2 of the Elven Halls.
             The game lasted 01:48:52 (37759 turns).

epen the Bewitcher (Spriggan Enchanter)            Turns: 37759, Time: 01:48:52

Health: 0/90       AC:  7    Str:  2    XL:     18   Next: 1%
Magic:  8/39       EV: 34    Int: 19    God:    Gozag
Gold:   3956       SH:  0    Dex: 20    Spells: 7 memorised, 26 levels left

rFire  + + .     SeeInvis +     I - +2 dagger of the Walnut {drain, rElec rC++ Dex-2}
rCold  + + .     Gourm    .     o - +2 robe {rF+}
rNeg   . . .     Faith    .     (shield restricted)
rPois  .         Spirit   .     t - +2 hat
rElec  +         Dismiss  .     y - +0 cloak
rCorr  .         Reflect  .     (gloves unavailable)
SustAt .         Harm     .     (boots unavailable)
MR     +++..                    q - amulet of regeneration
Stlth  +++++++...               K - +3 ring of evasion
                                F - +4 ring of slaying

@: very slightly contaminated, drained, very quick, extremely resistant to
hostile enchantments, extremely stealthy
A: unfitting armour, beak, horns 1, see invisible, fire resistance 1, herbivore
3, speed 3, slow metabolism 2, weak 1
a: Potion Petition, Call Merchant, Bribe Branch, Renounce Religion


You were on level 2 of the Elven Halls.
You worshipped Gozag.
Gozag was noncommittal.
You were not hungry.

You visited 5 branches of the dungeon, and saw 29 of its levels.
You also visited: Volcano.

You collected 10970 gold pieces.
You spent 1048 gold pieces at shops.
You paid 5966 gold pieces to Gozag.

Inventory:

Hand Weapons
 r - the +2 dagger "Undertaker" {pierce, *Confuse rF- rC+++ Int+9}
   (You took it off a deep elf archer on level 3 of the Elven Halls)

   It inflicts extra damage upon your enemies.
   It affects your intelligence (+9).
   It makes you vulnerable to fire.
   It renders you almost immune to cold.
   It may confuse you when you take damage.
 I - the +2 dagger of the Walnut (weapon) {drain, rElec rC++ Dex-2}
   (You found it on level 6 of the Dungeon)

   A truly terrible weapon, it drains the life of those it strikes.
   It affects your dexterity (-2).
   It greatly protects you from cold.
   It insulates you from electricity.
 O - a +1 blowgun
Missiles
 f - 7 needles of sleeping
 v - 8 throwing nets (quivered)
 G - 2 needles of paralysis
 P - 65 poisoned needles
 U - 6 curare-tipped needles
Armour
 o - a +2 robe of fire resistance (worn)
 t - a +2 hat (worn)
 y - a +0 cloak (worn)
Jewellery
 a - an uncursed ring of wizardry {unknown}
 q - an amulet of regeneration (around neck)
 C - an uncursed ring of see invisible {unknown}
 F - a +4 ring of slaying (left hand)
 J - a cursed -2 ring of dexterity
 K - a +3 ring of evasion (right hand)
 N - a cursed -3 ring of evasion
Wands
 T - a wand of hasting (4/9)
 V - a wand of disintegration (17/24)
 X - a wand of flame (20/48)
Scrolls
 g - 7 scrolls of remove curse
 k - 10 scrolls of amnesia
 l - 3 scrolls of fear
 n - 9 scrolls of recharging
 p - a scroll of enchant weapon
 u - 6 scrolls of fog
 w - 6 scrolls of noise
 B - a scroll of blinking
 M - 4 scrolls of enchant armour
 Q - 3 scrolls of teleportation
Potions
 e - 8 potions of might
 h - 4 potions of haste
 i - 5 potions of brilliance
 j - 4 potions of lignification
 m - a potion of invisibility
 s - 3 potions of heal wounds
 x - a potion of cure mutation
 z - 6 potions of flight
 A - 9 potions of curing
 D - 7 potions of agility
 L - a potion of magic
 Y - a potion of resistance
Miscellaneous
 E - a phial of floods
Comestibles
 b - 6 fruits
 c - a royal jelly
 d - 9 bread rations
 H - 3 slices of pizza


   Skills:
 + Level 8.1(7.8) Fighting
 * Level 14.4(14.1) Short Blades
 + Level 9.6(9.3) Throwing
 + Level 13.9(13.6) Dodging
 + Level 15.3(15.1) Stealth
 * Level 16.1(15.9) Spellcasting
 + Level 5.9(5.7) Conjurations
 * Level 16.4(16.1) Hexes
 - Level 8.2(8.0) Translocations


You had 26 spell levels left.
You knew the following spells:

 Your Spells              Type           Power        Failure   Level  Hunger
a - Passage of Golubria   Tloc           N/A          1%          4    None
b - Ensorcelled Hibernat  Hex/Ice        #####.       1%          2    None
c - Confuse               Hex            ######..     0%          3    None
d - Tukima's Dance        Hex            ######..     0%          3    None
e - Dazzling Spray        Conj/Hex       ######       1%          3    None
f - Invisibility          Hex            ######..     1%          6    #####..
g - Repel Missiles        Chrm/Air       ###...       10%         2    None


Dungeon Overview and Level Annotations

Branches:
Dungeon (15/15)            Temple (1/1) D:7            Lair (8/8) D:10
 Shoals (0/4) Lair:3        Snake (0/4) Lair:3        Slime (0/6) Lair:8
    Orc (2/2) D:9             Elf (3/3) Orc:2        Vaults (0/5) D:13
 Depths (0/5) D:15

Altars:
Ashenzari
Cheibriados
Dithmenos
Elyvilon
Fedhas
Gozag
Hepliaklqana
Kikubaaqudgha
Makhleb
Nemelex Xobeh
Okawaru
Pakellas
Qazlal
Ru
Sif Muna
Trog
Uskayaw
Vehumet
Xom
Yredelemnul
Zin
The Shining One
Beogh

Shops:
D:8 }   D:11 (=[[(   D:12 :   Orc:1 }   Orc:2 :(*[   Elf:1 :   Elf:2 *
Lair:1 (

Annotations:
Elf:2 3 runed doors


Innate Abilities, Weirdness & Mutations

You are tiny and cannot use many weapons and most armour.
You have supernaturally acute eyesight. (SInv)
You are a herbivore.
You cover ground extremely quickly.
You need consume almost no food.
You have a beak for a mouth.
You have a pair of small horns on your head.
Your flesh is heat resistant. (rF+)
You are weak. (Str -2)


Message History

Your peck misses the deep elf death mage.
The deep elf death mage is severely wounded.
The deep elf death mage is infused with unholy energy.
The deep elf death mage draws life force from you and is healed!
You hit the deep elf death mage but do no damage.
The deep elf death mage is severely wounded.
You hit the deep elf death mage. You drain the deep elf death mage!
The deep elf death mage is severely wounded.
The deep elf death mage is infused with unholy energy.
* * * LOW HITPOINT WARNING * * *
The deep elf death mage draws life force from you and is healed!
You are too injured to fight recklessly!
You hit the deep elf death mage but do no damage.
The deep elf death mage is severely wounded.
You barely miss the deep elf death mage.
Your headbutt misses the deep elf death mage.
The deep elf death mage is severely wounded.
The deep elf death mage is infused with unholy energy.
You die...
Your body crumbles into a pile of gold.

##..... ##......
######### ##.....>.
#.......# #........
###.......####....)..[
#...........##........
#...........##........
#.....e....<''........
#...[@......###...)..(
#...........# ##....(.
#...........# ##'.....
#..........<###.######
####.......####[##
#..........###...#
#.####'######.##.#
#..###.###...###.#
#........).ยง.....#


You could see a deep elf death mage.

Vanquished Creatures
  A deep elf blademaster (Elf:3)
  A deep elf master archer (Elf:3)
  Frances (D:11)
  2 deep elf sorcerers (Elf:3)
  Maud (Lair:4)
  2 orc warlords (Orc:2)
  A deep elf elementalist (Elf:3)
  Nessos (D:14)
  3 deep elf annihilators
  Snorg (D:12)
  2 fire dragons (Lair:8)
  2 deep elf death magi
  Erolcha (Orc:1)
  Josephine (Orc:2)
  Fannar (Orc:1)
  10 hydras
  3 deep elf high priests
  2 ice dragons (D:15)
  2 centaur warriors (D:13)
  Erica (Lair:2)
  2 catoblepae
  A tengu warrior (D:15)
  9 death yaks
  5 orc high priests (Orc:2)
  A queen ant (Lair:2)
  12 deep elf knights
  Sonja (Lair:2)
  An unseen horror (shapeshifter) (D:14)
  A deep troll (D:15)
  2 unseen horrors
  12 hill giants
  13 deep elf archers
  5 orc knights
  6 orc sorcerers
  55 deep elf magi
  A wolf spider zombie (D:15)
  2 lindwurms (Lair:8)
  2 griffons
  2 cyclopes (D:15)
  A wolf spider (D:15)
  3 elephants (Lair:4)
  A gargoyle (D:12)
  3 black mambas
  6 torpor snails (Lair:8)
  11 spiny frogs
  4 centaur skeletons
  16 komodo dragons
  2 freezing wraiths
  4 rime drakes
  3 meliai (D:14)
  9 trolls
  5 polar bears
  A queen bee (shapeshifter) (D:13)
  4 two-headed ogres
  6 giant leeches (Lair:8)
  Prince Ribbit (Lair:3)
  20 blink frogs
  7 slime creatures
  A boulder beetle (Lair:8)
  A snapping turtle (Lair:3)
  2 air elementals
  6 wraiths
  2 shadows
  A wyvern (D:14)
  44 yaks
  3 water elementals
  6 basilisks
  A human (D:7)
  A fire bat (Volcano)
  2 hogs
  8 vampire mosquitoes
  8 hippogriffs
  3 fire elementals
  2 steam dragons (Lair:8)
  5 mottled dragons
  3 wargs
  21 soldier ants
  9 water moccasins
  4 ice beasts
  6 porcupines
  A swamp drake (Lair:8)
  29 orc warriors
  3 sky beasts
  A phantom (D:6)
  5 wasps
  6 black bears
  5 centaurs
  15 ogres
  23 wolves
  14 crocodiles
  3 big kobolds
  30 giant frogs
  A water moccasin zombie (D:11)
  4 scorpions
  5 killer bees
  16 wights
  A howler monkey (D:10)
  6 crimson imps
  A giant frog zombie (D:5)
  A quasit (D:7)
  5 hounds
  14 jellies
  12 orc priests
  3 giant frog skeletons
  12 iguanas
  29 worker ants
  18 orc wizards
  15 sheep
  2 hound skeletons
  2 worker ant zombies
  6 gnolls
  10 adders
  51 river rats
  5 shadow imps
  2 oozes
  19 worms
  8 giant geckos
  90 orcs
  5 bats
  3 giant cockroaches
  4 goblins
  8 hobgoblins
  8 jackals
  5 quokkas
  A ball python (D:1)
  A giant gecko skeleton (D:8)
  A giant gecko zombie (D:6)
  3 giant newts
  19 kobolds
  3 quokka skeletons
  A quokka zombie (D:8)
  8 rats
  4 plants
965 creatures vanquished.

Vanquished Creatures (others)
  A deep elf elementalist (Elf:3)
  4 deep elf magi (Elf:2)
  A two-headed ogre (Volcano)
  An air elemental (Elf:1)
  10 dancing weapons
  A hog (Volcano)
  A hippogriff (Lair:8)
  An orc warrior (Orc:2)
  An orc wizard (Orc:2)
  29 fungi
  26 plants
76 creatures vanquished.

Grand Total: 1041 creatures vanquished

Notes
Turn   | Place    | Note
--------------------------------------------------------------
     0 | D:1      | epen the Spriggan Enchanter began the quest for the Orb.
     0 | D:1      | Reached XP level 1. HP: 9/9 MP: 5/5
   165 | D:1      | Reached XP level 2. HP: 13/13 MP: 6/6
   635 | D:1      | Learned a level 2 spell: Ensorcelled Hibernation
   899 | D:1      | Reached XP level 3. HP: 16/17 MP: 2/8
   984 | D:2      | Learned a level 3 spell: Confuse
  1427 | D:2      | Found a hazy altar of Hepliaklqana.
  1429 | D:2      | Found a shattered altar of Ashenzari.
  1430 | D:2      | Found a snail-covered altar of Cheibriados.
  1582 | D:2      | Reached XP level 4. HP: 21/21 MP: 9/9
  1805 | D:2      | Reached skill level 5 in Stealth
  2002 | D:3      | Reached skill level 1 in Fighting
  2260 | D:3      | Reached XP level 5. HP: 25/25 MP: 8/11
  3103 | D:4      | Reached skill level 5 in Hexes
  3404 | D:4      | Reached XP level 6. HP: 25/30 MP: 1/13
  3577 | D:5      | Entered Level 5 of the Dungeon
  4190 | D:5      | Reached skill level 5 in Spellcasting
  4190 | D:5      | Reached XP level 7. HP: 34/34 MP: 3/15
  4661 | D:6      | Reached skill level 5 in Dodging
  5049 | D:6      | Reached XP level 8. HP: 39/39 MP: 13/17
  5128 | D:6      | Learned a level 3 spell: Tukima's Dance
  5132 | D:6      | Learned a level 3 spell: Dazzling Spray
  5463 | D:6      | Got a faintly glowing dagger
  5464 | D:6      | Identified the cursed +2 dagger of the Walnut {drain, rElec rC++ Dex-2} (You found it on level 6 of the Dungeon)
  5745 | D:6      | Reached skill level 5 in Short Blades
  6197 | D:7      | Found a staircase to the Ecumenical Temple.
  6279 | Temple   | Entered the Ecumenical Temple
  6370 | Temple   | Became a worshipper of Gozag Ym Sagoz the Greedy
  7005 | D:7      | Found a shadowy altar of Dithmenos.
  7076 | D:7      | Reached XP level 9. HP: 44/44 MP: 16/20
  7144 | D:7      | Found a sacrificial altar of Ru.
  7204 | D:7      | Reached skill level 1 in Throwing
  7810 | D:8      | Found Tokooqots's Gadget Emporium.
  8629 | D:9      | Found a roughly hewn altar of Beogh.
  8695 | D:9      | Reached XP level 10. HP: 49/49 MP: 18/23
  8724 | D:9      | Found a shattered altar of Ashenzari.
  8827 | D:9      | Learned a level 6 spell: Invisibility
  9449 | D:9      | Found a staircase to the Orcish Mines.
  9846 | D:10     | Entered Level 10 of the Dungeon
  9868 | D:10     | Noticed a hill giant
  9918 | D:10     | Killed a hill giant
  9995 | D:10     | Noticed a hill giant
 10006 | D:10     | Killed a hill giant
 10152 | D:10     | Reached skill level 10 in Hexes
 10261 | D:10     | Reached XP level 11. HP: 54/54 MP: 25/25
 10302 | D:10     | Found a staircase to the Lair.
 10532 | D:10     | Noticed a hill giant
 10539 | D:10     | Killed a hill giant
 10853 | D:11     | Noticed a hill giant
 10860 | D:11     | Killed a hill giant
 10966 | D:11     | Reached skill level 10 in Spellcasting
 11258 | D:11     | Noticed a five-headed hydra
 11260 | D:11     | Noticed a hill giant
 11313 | D:11     | Killed a hill giant
 11313 | D:11     | Reached skill level 10 in Stealth
 11335 | D:11     | Killed a five-headed hydra
 11737 | D:11     | Noticed a hill giant
 11775 | D:11     | Killed a hill giant
 11775 | D:11     | Reached skill level 5 in Fighting
 11932 | D:12     | Noticed a hill giant
 11986 | Lair:1   | Entered Level 1 of the Lair of Beasts
 12027 | Lair:1   | Reached skill level 5 in Throwing
 12213 | Lair:1   | Reached skill level 10 in Dodging
 12359 | Lair:1   | Noticed a six-headed hydra
 12501 | Lair:1   | Killed a six-headed hydra
 12916 | Lair:1   | Gained mutation: You tend to lose your temper in combat. [potion of mutation]
 12916 | Lair:1   | Gained mutation: You have a pair of small horns on your head. [potion of mutation]
 12917 | Lair:1   | Gained mutation: Your system is resistant to poisons. (rPois) [potion of mutation]
 12917 | Lair:1   | Gained mutation: You expend magic power (3 MP) to strengthen your wands. [potion of mutation]
 12917 | Lair:1   | Gained mutation: You are partially covered in thin metallic scales. (AC +2) [potion of mutation]
 12953 | Lair:2   | Reached XP level 12. HP: 58/60 MP: 13/28
 13038 | Lair:2   | Noticed Erica
 13293 | Lair:2   | Killed Erica
 13293 | Lair:2   | Reached skill level 1 in Conjurations
 13309 | Lair:2   | Noticed a queen ant
 13541 | Lair:2   | Found a dark tunnel.
 13557 | Volcano  | Entered a volcano
 14101 | Lair:2   | Reached skill level 10 in Short Blades
 14337 | Lair:2   | Killed a queen ant
 14767 | Lair:2   | Noticed Sonja
 14794 | Lair:2   | Killed Sonja
 15413 | Lair:2   | Learned a level 4 spell: Passage of Golubria
 15576 | Lair:3   | Noticed Prince Ribbit
 15585 | Lair:3   | Killed Prince Ribbit
 15752 | Lair:3   | Found a staircase to the Shoals.
 15814 | Lair:3   | Reached skill level 1 in Translocations
 15831 | Lair:3   | Reached XP level 13. HP: 64/64 MP: 20/30
 16017 | Lair:3   | Found a staircase to the Snake Pit.
 16857 | Lair:4   | Noticed Maud
 16918 | Lair:4   | Killed Maud
 20140 | Lair:7   | Reached XP level 14. HP: 70/70 MP: 27/32
 21180 | Lair:8   | Entered Level 8 of the Lair of Beasts
 21290 | Lair:8   | Found a staircase to the Slime Pits.
 21725 | Lair:8   | Reached skill level 5 in Translocations
 21996 | Lair:8   | Found a runed door.
 23304 | Orc:1    | Entered Level 1 of the Orcish Mines
 23316 | Orc:1    | Noticed Erolcha
 23525 | Orc:1    | Killed Erolcha
 23694 | Orc:2    | Entered Level 2 of the Orcish Mines
 23705 | Orc:2    | Found a staircase to the Elven Halls.
 23734 | Orc:2    | Found Deczed's Antique Weapon Emporium.
 23837 | Orc:2    | Found Rudoesum's Book Boutique.
 24153 | Orc:2    | Noticed an orc warlord
 24183 | Orc:2    | Killed an orc warlord
 24285 | Orc:2    | Found Ecwis's General Store.
 24454 | Orc:2    | Lost mutation: You tend to lose your temper in combat. [potion of cure mutation]
 24454 | Orc:2    | Lost mutation: You have a pair of small horns on your head. [potion of cure mutation]
 24454 | Orc:2    | Lost mutation: Your system is resistant to poisons. (rPois) [potion of cure mutation]
 24454 | Orc:2    | Lost mutation: You are partially covered in thin metallic scales. (AC +2) [potion of cure mutation]
 24454 | Orc:2    | Lost mutation: You expend magic power (3 MP) to strengthen your wands. [potion of cure mutation]
 24455 | Orc:2    | Gained mutation: You have a beak for a mouth. [potion of beneficial mutation]
 24456 | Orc:2    | Gained mutation: Your flesh is heat resistant. (rF+) [potion of beneficial mutation]
 24465 | Orc:2    | Found Conin's Antique Armour Shoppe.
 24516 | Orc:2    | Bought a faintly humming robe for 193 gold pieces
 24516 | Orc:2    | Identified the +1 robe of Lerghacuo {rElec rPois Int-5 Dex+7} (You bought it in a shop on level 2 of the Orcish Mines)
 24722 | Orc:2    | Reached XP level 15. HP: 74/74 MP: 18/33
 24761 | Orc:1    | Noticed Josephine
 24772 | Orc:1    | Noticed Fannar
 25093 | Orc:2    | Killed Josephine
 25264 | Orc:2    | Noticed an orc warlord
 25277 | Orc:2    | Killed an orc warlord
 25554 | Orc:1    | Killed Fannar
 25756 | Orc:1    | Found Zewas's Gadget Shoppe.
 26050 | D:11     | ARCHIMAGE PLS
 26050 | D:11     | Bought a brightly glowing robe for 131 gold pieces
 26050 | D:11     | Identified the +0 robe of Duty {*Confuse MR+++ Int+5 Slay-4} (You bought it in a shop on level 11 of the Dungeon)
 26088 | D:12     | Noticed Frances
 26185 | D:11     | Killed Frances
 26551 | D:12     | Noticed Snorg
 26558 | D:12     | Killed Snorg
 26873 | D:12     | Found Fieloloc's Book Shop.
 27391 | D:13     | Found a gate to the Vaults.
 27938 | D:13     | ayyyyyyyyyyyyyyyyyyyyy
 28564 | D:14     | Noticed Nessos
 28572 | D:14     | Killed Nessos
 28801 | D:15     | Entered Level 15 of the Dungeon
 28892 | D:15     | Found an iron altar of Okawaru.
 29177 | D:15     | Got a brightly glowing double sword
 29178 | D:15     | Identified the +6 double sword of the Six Realms {freeze, Dex+4} (You found it on level 15 of the Dungeon)
 29319 | D:15     | Found a staircase to the Depths.
 29321 | D:15     | Reached skill level 5 in Conjurations
 29333 | D:15     | Reached skill level 15 in Hexes
 29976 | D:11     | Bought an encrusted short sword for 304 gold pieces
 29995 | D:11     | Identified the cursed +2 short sword of the Unkillable {flame, +Inv rC+} (You bought it in a shop on level 11 of the Dungeon)
 30119 | Elf:1    | Entered Level 1 of the Elven Halls
 30134 | Elf:1    | Reached skill level 15 in Spellcasting
 30139 | Elf:1    | Reached XP level 16. HP: 80/80 MP: 30/36
 30477 | Elf:1    | Found Neovvues's One-of-a-Kind Books.
 30827 | Elf:1    | Reached XP level 17. HP: 84/84 MP: 32/37
 30944 | Orc:2    | Bought a book of Air for 420 gold pieces
 30948 | Orc:2    | Learned a level 2 spell: Repel Missiles
 31085 | Elf:1    | Found a shimmering altar of Xom.
 31166 | Elf:1    | Gained mutation: You are weak. (Str -2) [mutagenic glow]
 32522 | Elf:2    | Found Haugeg's Elven Fire.
 32608 | Elf:2    | Found a runed gate.
 32608 | Elf:2    | Found a runed gate.
 32617 | Elf:2    | Found a runed gate.
 32993 | Elf:3    | Entered Level 3 of the Elven Halls
 33068 | Elf:3    | Reached skill level 15 in Stealth
 33964 | Elf:3    | Gained mutation: You have a pair of small horns on your head. [potion of mutation]
 33964 | Elf:3    | Gained mutation: You expend magic power (3 MP) to strengthen your wands. [potion of mutation]
 35958 | Elf:3    | Got a crude dagger {pierce}
 35963 | Elf:3    | Identified the +2 dagger "Undertaker" {pierce, *Confuse rF- rC+++ Int+9} (You took it off a deep elf archer on level 3 of the Elven Halls)
 36184 | Elf:3    | Noticed a deep elf master archer
 36201 | Elf:3    | Killed a deep elf master archer
 36294 | Elf:2    | Lost mutation: You expend magic power (3 MP) to strengthen your wands. [mutagenic glow]
 37397 | Elf:3    | Noticed a deep elf blademaster
 37671 | Elf:3    | Killed a deep elf blademaster
 37671 | Elf:3    | Reached XP level 18. HP: 33/90 MP: 33/39
 37759 | Elf:2    | Killed from afar by a deep elf death mage

Vault maps used:
D:1:      dpeg_arrival_short_road
D:2:      gammafunk_temple_overflow_forgotten
D:3:      kennysheep_six_static_rooms, minmay_misc_feat_columns,
          minmay_misc_feat_encased, minmay_misc_feat_cross
D:4:      first_bread
D:5:      kennysheep_generic_room_12
D:7:      nicolae_overflow_crystal_walls, minmay_temple_entry_glassed_door,
          grunt_livestock, grunt_dithmenos_smoke
D:8:      serial_shops, nicolae_shop_crystal
D:9:      orc_0_dummy, special_room, cheibrodos_ashenzari_chains
D:10:     lair_0_dummy, roderic_lattice_a
D:12:     serial_shops, shop, minmay_liquid_box, uniq_snorg, uniq_frances
D:13:     david_vaults_4
D:14:     serial_park_gazebo, serial_column_ruins, column_ruins_hut,
          column_ruins_open_tiny, column_ruins_open_tiny, column_ruins_grid_3,
          column_ruins_columns_straight, column_ruins_columns_dead_end,
          column_ruins_grid_1, uniq_nessos
D:15:     grunt_enter_depths_hoard, okawaru_ov_weapons_minmay,
          lightli_corner_chamber
Temple:   kilobyte_greek_temple_18
Lair:1:   grunt_megastairs_3
Lair:2:   enter_volcano_2, st_stairs_4, minivault_29, uniq_erica, uniq_sonja
Lair:3:   beast_lair_carwin_large_1, minmay_shoals_entry_hut, dummy_snake_entry,
          patterned_corridor, lemuel_fruit_fields, uniq_prince_ribbit2
Lair:4:   pond, uniq_maud
Lair:6:   beast_lair_carwin_9, bh_autumn_forest_stairs
Lair:7:   serial_bayou_shore_b, serial_bayou_shore_b
Lair:8:   guppyfry_lair_end_dragon, wormcave, minmay_slime_entry_jelly_boxes
Orc:1:    serial_shops, shop, uniq_josephine, uniq_erolcha, uniq_fannar
Orc:2:    grunt_orc_gardens, grunt_orc_garden, grunt_orc_garden,
          grunt_orc_garden, grunt_orc_garden
Elf:1:    elf_arrival_002, basic_altar, kennysheep_underground_church,
          nicolae_rare_books
Elf:2:    guppyfry_elf_lava
Elf:3:    minmay_elf_hall_spiked, nicolae_elf_v_pinch, uniq_nikola, uniq_donald
Volcano:  volcano_village

Skill      XL: |  1  2  3  4  5  6  7  8  9 10 11 12 13 14 15 16 17 |
---------------+----------------------------------------------------+-----
Hexes          | 4 5 6 7 8 10 11 12 13 14 15 16 | 16.4
Spellcasting   | 3 4 5 7 8 9 11 12 13 15 16 | 16.1
Short Blades   | 2 3 4 5 7 8 9 10 11 12 13 14 | 14.4
Stealth        | 5 6 7 8 9 10 11 12 13 14 15 | 15.3
Fighting       | 1 2 3 4 5 6 7 8 |  8.1
Dodging        | 4 5 6 7 9 10 11 12 13 | 13.9
Throwing       | 2 3 5 6 7 8 9 |  9.6
Conjurations   | 2 3 4 5 |  5.9
Translocations | 1 4 6 8 |  8.2

Action                   |  1- 3 |  4- 6 |  7- 9 | 10-12 | 13-15 | 16-18 || total
-------------------------+-------+-------+-------+-------+-------+-------++-------
Melee: Dagger            |   103 |   209 |   486 |   885 |  1451 |   363 ||  3497
       Headbutt          |       |       |       |    62 |   168 |    15 ||   245
       Peck              |       |       |       |       |    95 |    47 ||   142
 Cast: Corona            |     5 |       |       |       |       |       ||     5
       Ensorcelled Hiber |     6 |     9 |     2 |     1 |       |       ||    18
       Confuse           |     5 |    37 |    65 |   124 |   198 |    13 ||   442
       Tukima's Dance    |       |       |     1 |       |       |       ||     1
       Dazzling Spray    |       |       |     1 |     3 |    21 |    75 ||   100
       Invisibility      |       |       |       |     6 |    29 |    22 ||    57
       Repel Missiles    |       |       |       |       |       |     2 ||     2
Invok: Call Merchant     |       |       |       |     1 |     5 |       ||     6
Evoke: Wand              |       |       |       |       |     1 |     2 ||     3
       Phial of floods   |       |       |       |       |     1 |       ||     1
  Use: Scroll            |     2 |       |       |    26 |    13 |     4 ||    45
       Potion            |       |       |       |     2 |     4 |     5 ||    11
 Stab: Sleeping          |    11 |    20 |    20 |    36 |   102 |    15 ||   204
       Confused          |     3 |    17 |    40 |    76 |   102 |     4 ||   242
       Distracted        |       |       |     4 |     8 |    18 |     2 ||    32
       Invisible         |       |       |     1 |    33 |   156 |    75 ||   265
       Petrified         |       |       |       |       |     1 |       ||     1
  Eat: Pizza             |       |     1 |     1 |     4 |     2 |       ||     8
       Bread ration      |       |     1 |       |     1 |     5 |     3 ||    10
       Royal jelly       |       |       |     1 |       |       |       ||     1
       Fruit             |       |       |       |       |     3 |       ||     3
Armor: Robe              |    18 |    22 |    26 |    33 |    39 |    13 ||   151
Dodge: Dodged            |    93 |   124 |   243 |   451 |   688 |   217 ||  1816
       Deflected         |       |       |       |       |       |     6 ||     6
